 Dungeon Crawl Stone Soup version 0.29.1-2-gbd0b4ee654 (webtiles) character file.

Game seed: 12189943698039473548

35 DemonSlayer the Firebug (level 3, 0/24 HPs)
             Began as a Demonspawn Fire Elementalist on Nov 17, 2022.
             Slain by Terence
             ... wielding a +2 flail of protection
              (8 damage)
             ... on level 2 of the Dungeon.
             The game lasted 00:04:32 (1844 turns).

DemonSlayer the Firebug (DsFE)                      Turns: 1844, Time: 00:04:32

Health: 0/24       AC:  4    Str: 10    XL:     3   Next: 17%
Magic:  0/6        EV: 11    Int: 16    God:
Gold:   8          SH:  3    Dex: 13    Spells: 3/6 levels left

rFire   . . .      SeeInvis .   f - +2 short sword (drain)
rCold   . . .      Faith    .   l - +0 buckler
rNeg    . . .      Spirit   .   a - +0 robe
rPois   .          Reflect  .   (no helmet)
rElec   .          Harm     .   (no cloak)
rCorr   .          Rampage  .   (no gloves)
Will    .....                   (no boots)
Stlth   ++........              (no amulet)
HPRegen 0.08/turn               (no ring)
MPRegen 0.10/turn               (no ring)

@: mighty, very slightly contaminated
A: icy blue scales 1, foul stench 1
a: no special abilities


You were on level 2 of the Dungeon.
You visited 1 branch of the dungeon, and saw 2 of its levels.

You collected 28 gold pieces.
You spent 20 gold pieces at shops.

Inventory:

Hand Weapons
 f - a +2 short sword of draining (weapon)
 h - a +2 dagger of draining
Missiles
 c - 4 javelins
 g - 3 poisoned darts
Armour
 a - a +0 robe (worn)
 l - a +0 buckler (worn)
Scrolls
 b - 3 scrolls of vulnerability {unknown}
 j - a scroll of teleportation {unknown}
 k - a scroll of fear {unknown}
 m - a scroll of identify {unknown}
Potions
 d - 2 potions of curing {unknown}
 e - a potion of might
 i - 2 potions of mutation {unknown}


   Skills:
 + Level 2.0 Dodging
 + Level 2.0 Stealth
 + Level 2.2 Spellcasting
 + Level 1.7 Conjurations
 + Level 3.2 Fire Magic


You had 3 spell levels left.
You knew the following spells:

 Your Spells              Type           Power      Damage    Failure   Level
a - Foxfire               Conj/Fire      36%        2x1d5     10%         1
b - Scorch                Fire           24%        2d6       11%         2

Your spell library contained the following spells:

 Spells                   Type           Power      Damage    Failure   Level
 Conjure Flame            Conj/Fire      9%         6-21      30%         3
 Inner Flame              Hex/Fire       6%         N/A       38%         3
 Flame Wave               Conj/Fire      9%         2d6       69%         4
 Summon Forest            Summ/Tloc      0%         N/A       100%        5
 Summon Mana Viper        Hex/Summ       1%         N/A       100%        5
 Summon Cactus Giant      Summ           0%         N/A       100%        6


Dungeon Overview and Level Annotations

Branches:
Dungeon (2/15)

Altars:

Shops:
D:1 *

Annotations:
D:2 Terence


Innate Abilities, Weirdness & Mutations

You are partially covered in icy blue scales. (AC +2)
You may rarely emit foul miasma when damaged in melee.


Message History

Unknown command.
You see here 5 stones.
There is a faded altar of an unknown god here.
There is a dry fountain here.
There is a stone staircase leading down here.
There is an entrance to Qouzo's Assorted Antiques here.
i - 2 metallic puce potions (gained 1) Thank you for shopping at Qouzo's Assorted Antiques!
(D) Dungeon
Where to? (Enter - D:1 @ (x,y), ? - help)
What level of the Dungeon? (default 1, ? - help)
There is a stone staircase leading down here.
You climb downwards.
There is a stone staircase leading up here.
m - a scroll labelled ESMAEJ FICKEBA Terence the Incautious comes into view.
He is wielding a +2 flail of protection.
Terence is nearby!
Terence is nearby!
Terence is nearby!
Terence shouts!
You hear an angry hiss.
A ball python comes into view.
You throw a poisoned dart.
The poisoned dart closely misses Terence.
You throw a poisoned dart. The poisoned dart hits Terence.
Terence is poisoned.
Terence hits you with a +2 flail of protection.
Flames lash Terence.
Terence is moderately wounded.
Terence's fire resistance burns away.
Terence closely misses you.
Flames lash Terence but do no damage.
You hear an angry hiss.
Terence hits you with a +2 flail of protection.
You miscast Scorch.
You are very lightly contaminated with residual magic.
Nothing appears to happen.
Terence hits you with a +2 flail of protection!
It was a potion of might.
You feel very mighty all of a sudden.
Terence is no longer more vulnerable to fire.
Terence hits you with a +2 flail of protection!
You die...

.###.#####
.S......(#
.###.###.#
#@# #@#
#.# #.#
#.# #.#
#.# #.#
#.# #.#


You could see Terence (poisoned).

Vanquished Creatures
  A dart slug (D:1)
  3 ball pythons (D:1)
  3 endoplasms (D:1)
  A giant cockroach (D:1)
  4 goblins (D:1)
  2 hobgoblins (D:1)
  2 jackals (D:1)
  2 quokkas (D:1)
  7 kobolds (D:1)
  2 rats (D:1)
27 creatures vanquished.

Vanquished Creatures (others)
  80 foxfires (D:1)
80 creatures vanquished.

Grand Total: 107 creatures vanquished

Notes
Turn   | Place    | Note
-------+----------+-------------------------------------------
     0 | D:1      | DemonSlayer the Demonspawn Fire Elementalist began the
                  | quest for the Orb.
     0 | D:1      | Reached XP level 1. HP: 13/13 MP: 3/3
   121 | D:1      | Gained mutation: You may rarely emit foul miasma when
                  | damaged in melee. [demonic ancestry]
   121 | D:1      | Reached XP level 2. HP: 14/19 MP: 1/5
   123 | D:1      | Reached skill level 3 in Fire Magic
   402 | D:1      | Learned a level 2 spell: Scorch
   433 | D:1      | Found Qouzo's Assorted Antiques.
  1033 | D:1      | Found a faded altar of an unknown god.
  1183 | D:1      | Gained mutation: You are partially covered in icy blue
                  | scales. (AC +2) [demonic ancestry]
  1183 | D:1      | Reached XP level 3. HP: 24/24 MP: 6/6
  1775 | D:1      | Bought a metallic puce potion for 20 gold pieces
  1834 | D:2      | Noticed Terence
  1844 | D:2      | Slain by Terence

Illustrated notes

Levels and vault maps discovered:
D:1:      dpeg_arrival_pond, layout_loops_ring, shapermc_ecumenical_altar_venn,
          serial_shops, shop
D:2:      layout_basic, kennysheep_generic_room_12, uniq_terence

Skill      XL: |  1  2  3 |
---------------+----------+-----
Stealth        | 2 |  2.0
Fire Magic     | 3 |  3.2
Dodging        | 2 |  2.0
Spellcasting   | |  2.2
Conjurations   | |  1.7

Action                   || total
-------------------------++-------
Melee: Dagger            ||     4
       Unarmed           ||     1
       Short sword       ||    19
Throw: Dart              ||     2
 Cast: Foxfire           ||    53
       Scorch            ||     2
  Use: Potion            ||     2
 Stab: Sleeping          ||     1
Armor: Robe              ||     8
Dodge: Dodged            ||    20
